 Dungeon Crawl Stone Soup version 0.17-a0-986-gf45d1aa (webtiles) character file.

70924 Mygna the Impaler (level 15, 0/115 HPs)
             Began as a Merfolk Gladiator on May 11, 2015.
             Was the Champion of Makhleb.
             Shot with a poisoned arrow by Nessos (21 damage)
             ... on level 4 of the Orcish Mines.
             The game lasted 01:40:30 (26234 turns).

Mygna the Impaler (Merfolk Gladiator)              Turns: 26234, Time: 01:40:30

Health: 0/115      AC: 12    Str: 14    XL:     15   Next: 34%
Magic:  21/21      EV: 18    Int: 10    God:    Makhleb [******]
Gold:   3181       SH:  0    Dex: 18    Spells: 3 memorised, 10 levels left

rFire  + . .     SeeInvis .     f - +8 bardiche (vamp)
rCold  + . .     Clarity  +     x - +3 ring mail {rF+}
rNeg   + . .     SustAb   .     (no shield)
rPois  +         Gourm    .     c - +1 helmet
rElec  .         Spirit   .     s - +0 cloak
rCorr  .         Warding  +     o - +0 pair of gloves
rMut   .         Stasis   .     (no boots)
MR     +....                    G - amulet of warding
Stlth  +.........               L - ring of poison resistance
                                i - ring of protection from cold

@: lethally poisoned (0 -> -24), about to teleport, somewhat resistant to
hostile enchantments, very unstealthy
A: change form in water, swift swim, clarity, low mp 1, weak 1
a: Minor Destruction, Lesser Servant of Makhleb, Major Destruction, Greater
Servant of Makhleb, Renounce Religion


You were on level 4 of the Orcish Mines.
You worshipped Makhleb.
Makhleb was exalted by your worship.
You were hungry.

You visited 4 branches of the dungeon, and saw 24 of its levels.
You also visited: Ice Cave and Volcano.

You collected 3181 gold pieces.

Inventory:

Hand weapons
 f - a +8 vampiric bardiche (weapon)
Missiles
 k - 8 javelins (quivered)
 v - 34 tomahawks
Armour
 c - a +1 helmet (worn)
 o - a +0 pair of gloves (worn)
 s - a +0 cloak (worn)
 u - a +1 robe of magic resistance
 x - a +3 ring mail of fire resistance (worn)
 z - a +2 leather armour of poison resistance
 E - a +2 robe of positive energy
Jewellery
 i - a ring of protection from cold (left hand)
 j - an uncursed amulet of resist corrosion
 p - an uncursed ring of sustain abilities
 y - a +3 ring of protection
 G - an amulet of warding (around neck)
 L - a ring of poison resistance (right hand)
 M - an uncursed ring of flight
 R - an uncursed ring of protection from magic
Magical devices
 r - a wand of heal wounds (3)
 t - a wand of fire (7)
 A - a wand of lightning (3)
 C - a wand of invisibility (2)
 P - a wand of draining (6)
Scrolls
 q - 5 scrolls of teleportation
 w - 7 scrolls of magic mapping
 B - 4 scrolls of fear
 D - a scroll of blinking
 F - 2 scrolls of remove curse
 O - a scroll of silence
Potions
 a - 2 potions of cure mutation
 b - 6 potions of brilliance
 g - a potion of agility
 h - 3 potions of lignification
 l - 12 potions of curing
 n - 3 potions of flight
 I - 3 potions of might
Miscellaneous
 H - a lamp of fire
Comestibles
 d - 2 meat rations
 e - 24 bread rations
 m - a beef jerky
 J - 2 chunks of flesh
 K - 15 fruits


   Skills:
 - Level 10.0 Fighting
 * Level 19.6 Polearms
 - Level 2.0 Throwing
 + Level 1.3 Armour
 + Level 11.1 Dodging
 - Level 2.0 Spellcasting
 - Level 8.0 Hexes
 - Level 12.5 Charms
 - Level 5.0 Necromancy
 - Level 12.0 Invocations


You had 10 spell levels left.
You knew the following spells:

 Your Spells              Type           Power        Failure   Level  Hunger
a - Regeneration          Chrm/Necr      ###.......   8%          3    ####...
b - Spectral Weapon       Hex/Chrm       ###.....     3%          3    ####...
c - Sublimation of Blood  Necr           ##........   14%         2    ###....


Dungeon Overview and Level Annotations

Branches:
Dungeon (11/15)            Temple (1/1) D:5            Lair (8/8) D:9
  Swamp (0/4) Lair:5        Snake (0/4) Lair:4        Slime (0/6) Lair:8
    Orc (4/4) D:10            Elf (0/3) Orc:3

Altars:
Ashenzari
Cheibriados
Dithmenos
Elyvilon
Fedhas
Gozag
Kikubaaqudgha
Makhleb
Nemelex Xobeh
Okawaru
Qazlal
Ru
Sif Muna
Trog
Vehumet
Xom
Yredelemnul
Zin
The Shining One
Beogh
Jiyva

Shops:
D:10 *

Annotations:
Orc:4 Josephine, Nessos


Innate Abilities, Weirdness & Mutations

You revert to your normal form in water.
You are very nimble and swift while swimming.
You possess an exceptional clarity of mind.
Your magical capacity is low (-10% MP).
You are weak. (Str -2)


Message History

Nessos is heavily wounded.
You feel somewhat more hungry.
You feel sick.
Josephine shouts!
You hear a shout!
You hear a shout!
You hear a shout!
You hear a shout! x7
Nessos burns!
Nessos shoots a poisoned arrow.
The poisoned arrow hits you!
* * * LOW HITPOINT WARNING * * *
The poisoned arrow burns you.
* * * LOW HITPOINT WARNING * * *
You are lethally poisoned!
Nessos shoots a poisoned arrow.
The poisoned arrow misses you.
Josephine moves out of view.
Drink which item? (? for menu, Esc to quit)
Okay, then.
Read which item? (? for menu, Esc to quit)
As you read the scroll of teleportation, it crumbles to dust.
You feel strangely unstable.
* * * LOW HITPOINT WARNING * * *
You feel very sick.
Nessos burns!
Nessos shoots a poisoned arrow.
The poisoned arrow hits you!!
You die...

.....#..## .....#.## .....###
###### .....## ##.##.## ......##
#......## .......# ##......# .
......### ##.#..## .# ........##
##...#############.##
.........###....@(##.#..........
##......)..##.....(W)...........
###......).........#..(.........
###.....##..c...................
#.#.....#...............(.......
#........##.............ยง.......
#.....######....................
......# ##.#....................
.....## #..........)............


You could see Nessos (burning) and a wraith.

Vanquished Creatures
  Kirke (Lair:8)
  An azure jelly (Lair:8)
  Maud (Lair:8)
  The ghost of asdu the Destroyer, a powerful HOFE of Ashenzari (Volcano)
  Snorg (Orc:2)
  An ice dragon (Lair:7)
  A catoblepas (Lair:6)
  5 hydras
  16 death yaks
  Nergalle (Orc:1)
  An unseen horror (D:11)
  The ghost of Protee the Transmogrifier, an experienced DsTm of Ru (Lair:1)
  3 harpies (Lair:8)
  A hill giant (D:10)
  A lindwurm (Lair:3)
  An ugly thing (D:11)
  A cyclops (Orc:2)
  7 elephants
  2 black mambas (Lair:8)
  3 toenail golems (Volcano)
  Joseph (D:9)
  2 smoke demons
  2 torpor snails (Lair:6)
  16 spiny frogs
  A gargoyle (D:10)
  5 fire drakes
  6 komodo dragons
  A queen bee (D:9)
  5 trolls
  8 polar bears (Lair:8)
  A raiju (Lair:8)
  A boulder beetle (Lair:7)
  7 blink frogs
  3 slime creatures (Lair:8)
  Sigmund (D:6)
  A spriggan (D:8)
  6 humans (Volcano)
  21 wolves
  Eustachio (D:6)
  40 yaks
  2 basilisks
  2 deep elf magi
  2 hungry ghosts (D:11)
  7 hippogriffs
  7 wargs (Lair:8)
  3 hogs (Lair:8)
  3 insubstantial wisps (Lair:2)
  2 nagas (Lair:4)
  5 hell hounds
  2 vampire mosquitoes (Lair:2)
  10 porcupines
  The ghost of Pikaro the Gusty, an average TeAE (D:3)
  8 water moccasins
  4 ice beasts
  2 wasps (D:9)
  9 ogres
  3 phantoms
  An eye of draining (D:11)
  14 black bears
  3 centaurs
  3 sky beasts
  24 orc warriors
  3 big kobolds
  11 crocodiles
  16 giant frogs
  A wyvern skeleton (D:9)
  2 scorpions
  30 killer bees
  4 electric eels
  5 crimson imps
  5 jellies
  3 giant frog skeletons
  25 orc wizards
  Crazy Yiuf (D:6)
  A centaur skeleton (D:7)
  3 hell rats (Lair:2)
  23 orc priests
  19 hounds
  11 iguanas
  8 worker ants
  43 sheep
  A worker ant zombie (D:7)
  3 gnolls (D:7)
  13 adders
  63 river rats
  7 white imps
  3 shadow imps
  5 ufetubi (IceCv)
  4 adder skeletons
  2 worms
  4 giant geckos
  199 orcs
  A bat skeleton (D:5)
  2 bat zombies
  4 giant cockroaches
  14 goblins
  16 hobgoblins
  15 jackals
  2 ball pythons
  17 bats
  2 giant newts
  A giant spore (D:6)
  25 kobolds
  3 quokkas
  34 rats
  A ballistomycete (D:6)
  3 plants
954 creatures vanquished.

Vanquished Creatures (collateral kills)
  An elephant (Lair:4)
  3 yaks (D:9)
  A hippogriff (Lair:3)
  A vampire mosquito (Lair:2)
  A water moccasin (Lair:4)
  5 killer bees (D:9)
  A sheep (Lair:4)
  8 white imps (Lair:1)
  2 orcs (Orc:2)
  2 rats (Lair:2)
25 creatures vanquished.

Vanquished Creatures (others)
  10 spectral weapons
  The ghost of oplop the Destroyer, an experienced TeFE of Cheibriados (D:8)
  An elephant (Lair:8)
  3 orange demons
  4 smoke demons
  A human (Lair:8)
  6 ynoxinuls
  A neqoxec (Lair:4)
  A porcupine (Lair:7)
  A phantom (D:6)
  A white imp (IceCv)
  6 ufetubi
  An orc (Orc:1)
  A quokka (D:10)
  A rat (D:8)
  8 fungi
  7 plants
54 creatures vanquished.

Grand Total: 1033 creatures vanquished

Notes
Turn   | Place    | Note
--------------------------------------------------------------
     0 | D:1      | Mygna the Merfolk Gladiator began the quest for the Orb.
     0 | D:1      | Reached XP level 1. HP: 16/16 MP: 1/1
   126 | D:1      | Reached skill level 5 in Polearms
   173 | D:1      | Reached XP level 2. HP: 9/22 MP: 2/2
   969 | D:2      | Reached skill level 6 in Polearms
   969 | D:2      | Reached XP level 3. HP: 27/27 MP: 3/3
  1246 | D:2      | Reached XP level 4. HP: 33/33 MP: 4/4
  1454 | D:2      | Reached skill level 7 in Polearms
  1788 | D:3      | Noticed Pikaro's ghost (average TeAE)
  2319 | D:4      | Reached skill level 8 in Polearms
  2319 | D:4      | Reached XP level 5. HP: 34/38 MP: 5/5
  2649 | D:4      | Found a deep blue altar of Sif Muna.
  3059 | D:4      | Reached skill level 9 in Polearms
  3181 | D:5      | Entered Level 5 of the Dungeon
  3296 | D:5      | Reached XP level 6. HP: 44/44 MP: 6/6
  3306 | D:5      | Noticed an ice beast
  3328 | D:5      | Killed an ice beast
  3328 | D:5      | Reached skill level 10 in Polearms
  3577 | D:5      | Found a staircase to the Ecumenical Temple.
  3589 | Temple   | Entered the Ecumenical Temple
  3738 | Temple   | Became a worshipper of Makhleb the Destroyer
  3913 | D:5      | Found a sacrificial altar of Ru.
  3999 | D:5      | Reached XP level 7. HP: 47/50 MP: 7/7
  4057 | D:5      | Noticed an ogre
  4062 | D:5      | Killed an ogre
  4062 | D:5      | Reached skill level 11 in Polearms
  4293 | D:6      | Found a staircase to the Ecumenical Temple.
  4299 | D:6      | Acquired Makhleb's first power
  4378 | D:6      | Noticed Eustachio
  4381 | D:6      | Reached skill level 12 in Polearms
  4396 | D:6      | Killed Eustachio
  4396 | D:6      | Reached skill level 13 in Polearms
  4396 | D:6      | Reached XP level 8. HP: 54/56 MP: 8/8
  4473 | D:5      | Gained mutation: You possess an exceptional clarity of mind. [potion of mutation]
  4473 | D:5      | Gained mutation: You are weak. (Str -2) [potion of mutation]
  4778 | D:6      | Reached skill level 14 in Polearms
  4779 | D:6      | Acquired Makhleb's second power
  4890 | D:6      | Noticed Sigmund
  5081 | D:6      | Killed Sigmund
  5081 | D:6      | Reached skill level 15 in Polearms
  5181 | D:6      | Reached skill level 1 in Invocations
  5181 | D:6      | Reached XP level 9. HP: 61/61 MP: 8/10
  5415 | D:6      | Noticed Crazy Yiuf
  5419 | D:6      | Killed Crazy Yiuf
  5788 | D:7      | Found a shattered altar of Ashenzari.
  5804 | D:7      | Reached skill level 5 in Invocations
  6238 | D:7      | Acquired Makhleb's third power
  6475 | D:3      | Found a sparkling altar of Nemelex Xobeh.
  6476 | D:3      | Found a stormy altar of Qazlal.
  6830 | D:3      | Noticed a smoke demon
  6838 | D:3      | Killed a smoke demon
  6987 | D:3      | Killed Pikaro's ghost
  7448 | D:8      | Found a shadowy altar of Dithmenos.
  7726 | D:8      | Noticed oplop's ghost (experienced TeFE)
  7741 | D:9      | Acquired Makhleb's fourth power
  7741 | D:9      | Reached XP level 10. HP: 36/67 MP: 16/16
  7861 | D:9      | Noticed Joseph
  7912 | D:9      | Reached skill level 10 in Invocations
  7934 | D:9      | Killed Joseph
  8450 | D:9      | Acquired Makhleb's fifth power
  8926 | D:9      | Identified a scroll of acquirement
  8927 | D:9      | Got an encrusted plate armour
  9152 | D:9      | Found a staircase to the Lair.
  9153 | D:9      | Noticed a fire drake
  9159 | D:9      | Killed a fire drake
  9159 | D:9      | Reached skill level 5 in Dodging
  9426 | D:8      | Killed oplop's ghost
  9426 | D:8      | Reached XP level 11. HP: 36/72 MP: 20/20
  9888 | D:8      | Found a glowing silver altar of Zin.
  9891 | D:8      | Found a snail-covered altar of Cheibriados.
  9894 | D:8      | Found a white marble altar of Elyvilon.
  9897 | D:8      | Found an ancient bone altar of Kikubaaqudgha.
  9948 | D:8      | Identified the +0 plate armour of Hairiness {Contam +Blink rF+ MR-} (You acquired it on level 9 of the Dungeon)
  9967 | D:8      | Gained mutation: Your magical capacity is low (-10% MP). [mutagenic glow]
 10738 | Lair:1   | Entered Level 1 of the Lair of Beasts
 10856 | Lair:1   | Reached skill level 10 in Dodging
 10900 | Lair:1   | Found a frozen archway.
 10922 | Lair:1   | HP: 2/72 [white imp/puff of frost (9)]
 11055 | Lair:1   | Noticed Protee's ghost (experienced DsTm)
 11064 | IceCv    | Entered an ice cave
 11236 | IceCv    | Noticed an ice statue
 11236 | IceCv    | Noticed an ice statue
 11524 | Lair:1   | Killed Protee's ghost
 12433 | Lair:1   | Reached skill level 5 in Fighting
 13143 | Lair:2   | Reached XP level 12. HP: 82/93 MP: 18/18
 13202 | Lair:2   | Noticed a five-headed hydra
 13210 | Lair:2   | Killed a five-headed hydra
 13271 | Lair:2   | Noticed a five-headed hydra
 13279 | Lair:2   | Killed a five-headed hydra
 13299 | Lair:2   | Learned a level 3 spell: Regeneration
 13303 | Lair:2   | Learned a level 3 spell: Spectral Weapon
 13316 | Lair:2   | Noticed a four-headed hydra
 13324 | Lair:2   | Killed a four-headed hydra
 13334 | Lair:2   | Reached skill level 1 in Hexes
 13334 | Lair:2   | Reached skill level 1 in Charms
 13926 | Lair:3   | Reached skill level 10 in Fighting
 14175 | Lair:3   | Reached skill level 1 in Spellcasting
 14944 | Lair:4   | Reached skill level 5 in Charms
 14990 | Lair:4   | Reached skill level 5 in Hexes
 15067 | Lair:4   | Noticed a four-headed hydra
 15074 | Lair:4   | Killed a four-headed hydra
 15175 | Lair:4   | Found a staircase to the Snake Pit.
 15190 | Lair:4   | Reached XP level 13. HP: 103/103 MP: 16/19
 15718 | Lair:5   | Found a dark tunnel.
 15731 | Volcano  | Entered a volcano
 15786 | Volcano  | Noticed asdu's ghost (powerful HOFE)
 15826 | Volcano  | Killed asdu's ghost
 16422 | Lair:5   | Found a staircase to the Swamp.
 17590 | Lair:6   | Reached skill level 1 in Necromancy
 18037 | Lair:7   | Got a bloodstained ring mail
 18040 | Lair:7   | Identified the cursed +1 ring mail of the Iron City of Dis {MP-9 Dex+5} (You found it on level 7 of the Lair of Beasts)
 18235 | Lair:7   | Found a burning altar of Makhleb.
 18338 | Lair:7   | Reached skill level 10 in Charms
 19119 | Lair:7   | Identified a +3 rod of ignition (12/12) (You found it on level 7 of the Lair of Beasts)
 19222 | Lair:8   | Entered Level 8 of the Lair of Beasts
 19235 | Lair:8   | Reached XP level 14. HP: 110/110 MP: 16/20
 19591 | Lair:8   | Found a staircase to the Slime Pits.
 19831 | Lair:8   | Noticed Maud
 19831 | Lair:8   | Noticed Kirke
 19896 | Lair:8   | Killed Kirke
 19914 | Lair:8   | Killed Maud
 19993 | Lair:8   | Reached skill level 5 in Necromancy
 20225 | Lair:8   | Reached skill level 16 in Polearms
 20969 | Lair:8   | Reached skill level 17 in Polearms
 21379 | Lair:8   | Noticed an azure jelly
 21386 | Lair:8   | Killed an azure jelly
 21386 | Lair:8   | Reached skill level 18 in Polearms
 21386 | Lair:8   | Reached XP level 15. HP: 107/115 MP: 17/21
 21534 | Lair:2   | Learned a level 2 spell: Sublimation of Blood
 21568 | D:10     | Entered Level 10 of the Dungeon
 21908 | D:10     | Found Yviergh's Assorted Antiques.
 22246 | D:10     | Found a roughly hewn altar of Beogh.
 22246 | D:10     | Found a staircase to the Orcish Mines.
 22369 | D:10     | Found a white marble altar of Elyvilon.
 23211 | D:11     | Reached skill level 19 in Polearms
 23827 | Orc:1    | Entered Level 1 of the Orcish Mines
 23827 | Orc:1    | Noticed Nergalle
 23832 | Orc:1    | Killed Nergalle
 24613 | Orc:2    | Noticed Snorg
 24625 | Orc:2    | Killed Snorg
 25483 | Orc:4    | Entered Level 4 of the Orcish Mines
 25499 | Orc:4    | Reached skill level 1 in Armour
 25546 | Orc:3    | Found a staircase to the Elven Halls.
 26222 | Orc:4    | Noticed Nessos
 26233 | Orc:4    | Noticed Josephine
 26234 | Orc:4    | Shot with a poisoned arrow by Nessos

Vault maps used:
D:1:      minmay_arrival_four_circles, minmay_tree_intersection
D:3:      gammafunk_temple_overflow_statue, minivault_11
D:4:      kennysheep_mini_moat, first_bread
D:5:      kennysheep_little_box, minmay_temple_entry_grid, minmay_holes
D:6:      minmay_temple_entry_hall, uniq_crazy_yiuf_cottage, uniq_eustachio,
          uniq_sigmund
D:7:      nicolae_ashenzari_panopticon, kb_lookout_dungeons_type
D:8:      grunt_dithmenos_smoke, grunt_temple_overflow_cloverleaf, the_bakery
D:9:      minmay_lair_entry_lava, special_room, uniq_joseph
D:10:     david_orc_5, serial_shops, shop, serial_co_window_serial,
          co_window_paths_b, co_window_paths_a, co_window_paths_a,
          co_window_of_opportunity_a, co_window_paths_a, co_window_paths_a,
          co_window_corner_a, co_window_of_opportunity_a, co_window_corner_a,
          co_window_broadway_b, co_window_broadway_c,
          co_window_of_opportunity_c, co_window_unsneaky_path_b,
          co_window_paths_c, co_window_of_opportunity_c, glass_columns_b,
          glass_columns_c, glass_columns_b, glass_columns_b, elyvilon_altar_4
D:11:     minmay_goldmine
Temple:   pf_slime_end_temple
Lair:1:   portal_ice_cave_entry_imps
Lair:2:   kennysheep_abandoned_house, pond
Lair:4:   guppyfry_snake_entry_garden
Lair:5:   swamp_mist, enter_volcano_3, infiniplex_staircase_pool_2
Lair:7:   dragon1_lemuel, basic_altar, st_stairs_12
Lair:8:   hangedman_lair_caniforms_friends, minmay_slime_entry_pillars,
          hibernation_bobbens, uniq_maud, uniq_kirke
Orc:1:    uniq_nergalle
Orc:2:    uniq_snorg
Orc:3:    nicolae_orc_pool_cavern
Orc:4:    st_orc_elflike, serial_shops, shop, uniq_nessos, uniq_josephine
IceCv:    ice_cave_small_demon
Volcano:  volcano_bunker

Action                   |  1- 3 |  4- 6 |  7- 9 | 10-12 | 13-15 || total
-------------------------+-------+-------+-------+-------+-------++-------
Melee: Trident           |    91 |   256 |   397 |   947 |   639 ||  2330
       Bardiche          |       |       |       |       |  1035 ||  1035
Throw: Throwing net      |       |     2 |       |     2 |       ||     4
       Javelin           |       |       |     4 |     7 |       ||    11
       Tomahawk          |       |       |     3 |       |       ||     3
 Cast: Spectral Weapon   |       |       |       |     5 |    28 ||    33
       Regeneration      |       |       |       |       |    28 ||    28
Invok: Lesser Servant of |       |       |     2 |    19 |     9 ||    30
       Minor Destruction |       |       |       |    16 |       ||    16
       Greater Servant o |       |       |       |     1 |       ||     1
       Major Destruction |       |       |       |       |     3 ||     3
Evoke: Wand              |       |       |       |     2 |     3 ||     5
  Use: Scroll            |       |     9 |    11 |     8 |    20 ||    48
       Potion            |       |       |    10 |     7 |     7 ||    24
 Stab: Held in net/web   |       |     1 |       |     1 |       ||     2
       Sleeping          |       |       |       |     2 |       ||     2
       Distracted        |       |       |       |     2 |     7 ||     9
       Invisible         |       |       |       |       |    24 ||    24
  Eat: Chunk             |     1 |     9 |    11 |    24 |    38 ||    83
       Beef jerky        |       |       |     1 |     1 |       ||     2
       Pizza             |       |       |       |     1 |     1 ||     2
       Meat ration       |       |       |       |       |     2 ||     2
